 Dungeon Crawl Stone Soup version 0.31-a0-354-g827e0957a7 (webtiles) character file.

Game seed: 2295070063917145234

170975 GordonOverkill the Earth Mage (level 18, -4/140 HPs)
             Began as a Barachi Earth Elementalist on July 23, 2023.
             Was a High Priest of Sif Muna.
             Slain by Mlioglotl (27 damage)
             ... on level 3 of the Spider Nest on July 24, 2023.
             The game lasted 02:28:16 (61136 turns).

GordonOverkill the Earth Mage (BaEE)               Turns: 61136, Time: 02:28:16

Health: -4/140     AC: 12    Str: 11    XL:     18   Next: 0%
Magic:  12/37      EV: 12    Int: 28    God:    Sif Muna [*****.]
Gold:   660        SH:  5    Dex: 13    Spells: 18/47 levels left

rFire   + . .        a - staff of earth
rCold   + . .        (no shield)
rNeg    . . .        v - +2 robe {rC+ rF+}
rPois   +            r - +0 hat "Gyghero" {Will+ Regen+}
rElec   +            L - +2 cloak
rCorr   .            z - +2 pair of gloves
SInv    +            J - +1 pair of boots
Will    ++...        H - amulet of reflection
Stlth   ++           t - ring "Lubanuqiu" {rElec Int+6 SInv}
HPRegen 1.23/turn    R - ring of poison resistance
MPRegen 0.25/turn

%: reflection
@: about to teleport, afraid, unable to hop, very slightly contaminated, slow
A: amphibious, slowness 1, strong legs 2, +LOS
a: Hop, Renounce Religion, Channel Magic, Forget Spell, Divine Exegesis


You were on level 3 of the Spider Nest.
You worshipped Sif Muna.
Sif Muna was extremely pleased with you.
You visited 6 branches of the dungeon, and saw 28 of its levels.
You also visited: Gauntlet.

You collected 2513 gold pieces.
You spent 1853 gold pieces at shops.

Inventory:

Hand Weapons
 b - the +7 whip "Hellblazer" {flame, Will+ Str-4 Dex+3 Stlth+}
   (You found it on level 2 of the Dungeon)

   Str:       It affects your strength (-4).
   Dex:       It affects your dexterity (+3).
   Will:      It increases your willpower.
   Stlth:     It makes you more stealthy.
Missiles
 m - 45 poisoned darts
Armour
 r - the +0 hat "Gyghero" (worn) {Will+ Regen+}
   (You found it on level 13 of the Dungeon)

   Regen:     It increases your rate of health regeneration.
   Will:      It increases your willpower.
 v - a +2 robe of resistance (worn)
 z - a +2 pair of gloves (worn)
 F - the +0 hat of the Heavens {Harm rF++ Will+ Int+3}
   (You found it on level 8 of the Dungeon)

   Int:       It affects your intelligence (+3).
   rF:        It greatly protects you from fire.
   Harm:      It increases damage dealt and taken.
   Will:      It increases your willpower.
 J - a +1 pair of boots (worn)
 L - a +2 cloak (worn)
Magical Staves
 a - a staff of earth (weapon)
Jewellery
 p - a ring of protection from fire
 s - a ring of protection from cold
 t - the ring "Lubanuqiu" (left hand) {rElec Int+6 SInv}
   (You bought it in a shop on level 1 of the Orcish Mines)

   [ring of intelligence]

   Int:       It affects your intelligence (+6).
   rElec:     It insulates you from electricity.
   SInv:      It lets you see invisible.
 C - a ring of magical power
 H - an amulet of reflection (around neck)
 N - a ring of magical power
 Q - a ring of wizardry
 R - a ring of poison resistance (right hand)
 U - a +6 ring of strength
Wands
 e - a wand of polymorph (8)
 k - a wand of digging (4)
 y - a wand of roots (15)
 D - a wand of mindburst (4)
 E - a wand of paralysis (7)
 I - a wand of light (4)
Scrolls
 f - 3 scrolls of torment
 h - a scroll of enchant weapon
 j - 2 scrolls of blinking
 n - 2 scrolls of fog
 q - 4 scrolls of silence
 u - 2 scrolls of vulnerability
 w - 7 scrolls of immolation
 x - 2 scrolls of revelation
 K - 6 scrolls of identify
 P - 7 scrolls of teleportation
 S - a scroll of brand weapon
 V - a scroll of fear
 W - a scroll of amnesia
Potions
 c - 2 potions of brilliance
 d - 5 potions of attraction
 g - 10 potions of might
 i - a potion of curing
 o - a potion of berserk rage
 A - a potion of enlightenment
 B - 4 potions of mutation
 G - 5 potions of lignification
 M - 4 potions of cancellation
 O - 4 potions of heal wounds
 T - 2 potions of magic
Miscellaneous
 l - a condenser vane
 X - a lightning rod (4/4)


   Skills:
 + Level 12.3 Fighting
 - Level 1.0(2.4) Polearms
 - Level 3.8(4.0) Staves
 - Level 2.1 Dodging
 - Level 1.7 Stealth
 + Level 15.1 Spellcasting
 + Level 15.2 Conjurations
 - Level 4.0 Transmutations
 + Level 19.1 Earth Magic
 - Level 11.0 Invocations
 + Level 2.2 Evocations


You had 18 spell levels left.
You knew the following spells:

 Your Spells              Type           Power      Damage    Failure   Level
a - Sandblast             Erth           100%       2d20      0%          1
b - Passwall              Tmut/Erth      75%        N/A       1%          2
c - Stone Arrow           Conj/Erth      100%       3d13      0%          3
d - Petrify               Tmut/Erth      91%        N/A       1%          4
e - Apportation           Tloc           42%        N/A       2%          1
f - Lee's Rapid Deconstr  Erth           56%        3d26*     1%          5
g - Borgnjor's Vile Clut  Necr/Erth      42%        N/A       1%          5
h - Lehudib's Crystal Sp  Conj/Erth      54%        10d13     14%         8

Your spell library contained the following spells:

 Spells                   Type           Power      Damage    Failure   Level
 Magic Dart               Conj           100%       1d8       0%          1
 Searing Ray              Conj           100%       2d8       0%          2
 Kiss of Death            Conj/Necr      100%       2d13      1%          1
 Wereblood                Tmut           43%        N/A       1%          2
 Hailstorm                Conj/Ice       59%        3d13      1%          3
 Mephitic Cloud           Conj/Pois/Air  49%        N/A       1%          3
 Animate Armour           Summ/Erth      100%       N/A       1%          4
 Flame Wave               Conj/Fire      59%        2d14      1%          4
 Fulminant Prism          Conj/Hex       29%        3d14      1%          4
 Leda's Liquefaction      Hex/Erth       42%        N/A       1%          4
 Sticky Flame             Conj/Fire      59%        2d7       1%          4
 Leda's Unmaking          Conj/Erth      54%        9d9       1%          6
 Call Imp                 Summ           42%        N/A       3%          2
 Cigotuvi's Dreadful Rot  Necr/Pois/Air  42%        N/A       3%          2
 Lesser Beckoning         Tloc           42%        N/A       3%          2
 Scorch                   Fire           42%        2d7       3%          2
 Sublimation of Blood     Necr           21%        N/A       3%          2
 Arcjolt                  Conj/Air       29%        1d39      3%          5
 Fireball                 Conj/Fire      29%        3d13      3%          5
 Ignite Poison            Fire/Tmut/Pois 28%        N/A       4%          3
 Gell's Gravitas          Tloc           21%        N/A       7%          3
 Inner Flame              Hex/Fire       21%        N/A       7%          3
 Swiftness                Air            21%        N/A       7%          3
 Teleport Other           Tloc           21%        N/A       7%          3
 Tukima's Dance           Hex            21%        N/A       7%          3
 Vampiric Draining        Necr           21%        2d7       7%          3
 Vhi's Electric Charge    Tloc/Air       42%        N/A       7%          3
 Volatile Blastmotes      Fire/Tloc      42%        2d13      7%          3
 Cause Fear               Hex            10%        N/A       24%         4
 Passage of Golubria      Tloc           21%        N/A       24%         4
 Summon Lightning Spire   Summ/Air       21%        N/A       24%         4
 Alistair's Intoxication  Tmut/Pois      21%        N/A       28%         5
 Yara's Violent Unravell  Hex/Tmut       16%        3d8       28%         5
 Agony                    Necr           21%        N/A       54%         5
 Silence                  Hex/Air        10%        N/A       54%         5
 Summon Forest            Summ/Tloc      10%        N/A       54%         5
 Shatter                  Erth           56%        3d42*     67%         9
 Eringya's Noxious Bog    Tmut/Pois      16%        4d6       85%         6
 Dispersal                Tloc           10%        N/A       98%         6
 Plasma Beam              Fire/Air       10%        2x1d21    98%         6
 Summon Cactus Giant      Summ           10%        N/A       98%         6
 Enfeeble                 Hex            10%        N/A       100%        7
 Haunt                    Necr/Summ      10%        N/A       100%        7
 Summon Hydra             Summ           10%        N/A       100%        7
 Ignition                 Fire           10%        3d5       100%        8
 Chain Lightning          Conj/Air       29%        3d39      100%        9
 Dragon's Call            Summ           10%        N/A       100%        9


Dungeon Overview and Level Annotations

Branches:
Dungeon (15/15)            Temple (1/1) D:6            Lair (5/5) D:9
  Swamp (1/4) Lair:3       Spider (4/4) Lair:2        Slime (0/5) Lair:4
    Orc (2/2) D:11            Elf (0/3) Orc:2        Vaults (0/5) D:13
 Depths (0/4) D:15        Gauntlet (visited)

Altars:
Ashenzari
Cheibriados
Dithmenos
Elyvilon
Fedhas
Gozag
Hepliaklqana
Kikubaaqudgha
Makhleb
Nemelex Xobeh
Okawaru
Qazlal
Ru
Sif Muna
Trog
Uskayaw
Vehumet
Wu Jian
Xom
Yredelemnul
Zin
The Shining One

Shops:
D:5 [   D:6 =:((:   D:14 *   Orc:1 =   Orc:2 ?[=?:

Portals:
Trove: D:11 (show abyssal rune of Zot)

Annotations:
D:3 3 runed translucent doors, Soborki's ghost, amateur MiBe
D:4 Dowan; Duvessa
D:8 2 runed translucent doors, Kiciri's ghost, novice DjFE
D:13 6 runed translucent doors
D:14 Azrael
Lair:1 3 runed translucent doors, exclusion: oklob plant, Conn's ghost, journeyman OpFE
Lair:4 1 runed translucent door
Spider:2 1 runed translucent door, Itariqas's ghost, journeyman DsGl
Spider:3 2 transporters, exclusions: 2 downstairs and oklob plant, Arachne; MacCMillion's ghost, adept MfSh; Mlioglotl; blacky4's ghost, adept DjCj


Innate Abilities, Weirdness & Mutations

You are amphibious.
You cover ground slowly.
You can hop long distances.
You have an extended range of vision and can be seen from far away.


Message History

Press: ? - help, Shift-Dir - straight line, f - Mlioglotl, p - redback
Aim: Mlioglotl (strong, inspiring fear, 94% to hit)
You feel a surge of power!
The crystal spear hits the redback!!!!
You kill the redback!
Sif Muna accepts your kill. Mlioglotl barely misses you.
Mlioglotl tramples you.
* * * LOW HITPOINT WARNING * * *
You stumble backwards!
A starcursed mass splits.
As you read the scroll of teleportation, it crumbles to dust.
You feel strangely unstable.
The guardian serpent coils itself and waves its upper body at you.
The starcursed mass blinks into view! x2; The white imp blinks into view!
Mlioglotl hits you!
* * * LOW HITPOINT WARNING * * *
Mlioglotl tramples you but does no damage.
A starcursed mass splits.
Okay, then.
Casting: Lehudib's Crystal Spear (dangerous; 14% risk of failure)
Confirm with . or Enter, or press ? or * to list all spells.
Aiming: Passwall (safe; 1% risk of failure)
Press: ? - help, Dir - move target, p - Mlioglotl A rock wall.
You feel a surge of power! Mlioglotl hits you but does no damage.
Mlioglotl tramples you!
* * * LOW HITPOINT WARNING * * *
You hold your ground!
The ynoxinul gestures at you. The entropic shot hits you!!
* * * LOW HITPOINT WARNING * * *
The starcursed mass completely misses you.
Mlioglotl churns violently!
Mlioglotl corrupts the dungeon around him!
You begin to meditate on the wall.
You continue meditating on the rock.
The ynoxinul hits you.
* * * LOW HITPOINT WARNING * * *
The white imp gestures at you. The puff of frost hits you. You resist.
* * * LOW HITPOINT WARNING * * *
Mlioglotl closely misses you. Mlioglotl tramples you!!
You die...

.#........#########.#..#.#
.###........#.##..#......#
.#.#..###..##....##..##..###
...^.##^####.....#^..^####.##
........##...###...####.#...#
.##.#...^#...>3#^...#>..#..##
.####.#.[..##...#####.....##
.#..###...^.#..#X3..XS#...^#
..^##...##..##.#@XXX#ยง#######
....#..^##...###X5#^#X.X#...#
..###....#..####..###..5X..##
...####..#...#.##..#^##.^###
##....#.^#..##...###.#.....#
#....##..#..##.....#...##^##
...#..#..#.....##.##...#..##
##.#..#...#.....##...#.##..#
.###..#.#.#.^###..##.###..##


You could see 5 starcursed masses, Mlioglotl (strong, scary), a guardian serpent
(summoned), a sixfirhy (summoned), a ynoxinul (summoned) and a white imp
(summoned).

Vanquished Creatures
  Donald (Spider:2)
  3 ghost moths
  Louise (Spider:3)
  4 emperor scorpions
  An orc warlord (D:11)
  2 broodmothers
  Nessos (Orc:2)
  A spark wasp (Spider:3)
  A shambling mangrove (Lair:3)
  An ettin (Orc:1)
  Josephine (D:12)
  4 entropy weavers
  4 vault guards (D:13)
  Erolcha (Orc:2)
  5 hydras
  A jorogumo (Spider:1)
  A catoblepas (D:13)
  A merfolk avatar (Lair:5)
  3 ogre magi (Orc:2)
  3 boulder beetles
  3 radroaches
  5 centaur warriors
  8 two-headed ogres
  4 tengu warriors
  5 demonic crawlers
  6 death yaks
  Urug (Orc:2)
  4 skysharks
  2 sun moths
  6 pharaoh ants
  A goliath frog (shapeshifter) (D:13)
  7 skeletal warriors
  8 orb spiders
  2 bog bodies (Lair:3)
  5 steelbarb worms
  A phantasmal warrior (D:14)
  A wizard (D:15)
  A necromancer (D:15)
  A deep elf pyromancer (D:14)
  A frost giant zombie (D:15)
  15 wolf spiders
  A harpy (Lair:5)
  8 orc sorcerers
  2 orc knights
  A fire giant zombie (D:15)
  20 ugly things
  An oklob plant (Lair:1)
  A will-o-the-wisp (Lair:3)
  A tengu skeleton (D:15)
  6 cyclopes
  4 manticores
  9 elephants
  10 moths of wrath
  5 black mambas
  3 torpor snails
  Maurice (D:9)
  A gargoyle (D:11)
  3 unseen horrors
  13 cane toads
  A kobold demonologist (D:10)
  2 rime drakes
  11 komodo dragons
  3 tengu conjurers
  11 trolls
  4 meliai
  5 hornets
  4 polar bears
  Grinder (D:5)
  3 wind drakes (Lair:5)
  29 tarantellas
  13 dream sheep
  A dream sheep (shapeshifter) (D:15)
  14 blink frogs
  2 snapping turtles (Lair:5)
  A spriggan zombie (D:15)
  26 jumping spiders
  19 slime creatures
  Sigmund (D:3)
  4 wraiths
  63 yaks
  3 shadows
  31 culicivoras
  5 basilisks
  3 wyverns
  A fire elemental (D:14)
  6 steam dragons
  2 humans (D:7)
  52 redbacks
  4 wargs
  8 vampire mosquitoes
  8 acid dragons
  19 water moccasins
  2 hell hounds
  2 ice beasts
  25 orc warriors
  17 ogres
  3 sky beasts
  3 black bears
  9 wolves
  3 boggarts (D:14)
  6 centaurs
  A phantom (D:5)
  5 kobold brigands
  16 bullfrogs
  3 gnoll sergeants
  A scorpion (D:4)
  10 wights
  14 killer bees
  3 howler monkeys
  4 hounds
  2 jellies
  14 orc priests
  2 gnoll boudas
  2 sleepcaps
  5 iguanas
  A scorpion zombie (D:5)
  32 orc wizards
  A killer bee zombie (D:5)
  9 adders
  13 gnolls
  3 river rats (D:5)
  A shadow imp (D:7)
  A white imp (D:6)
  An ufetubus (D:5)
  2 worms
  A dart slug (D:2)
  77 orcs
  6 ball pythons
  2 bats (D:1)
  3 endoplasms
  5 giant cockroaches
  6 goblins
  3 hobgoblins
  6 jackals
  2 quokkas
  6 frilled lizards
  8 kobolds
  9 rats
927 creatures vanquished.

Vanquished Creatures (others)
  A slime creature (D:14)
  3 foxfires
4 creatures vanquished.

Grand Total: 931 creatures vanquished

Notes
Turn   | Place    | Note
-------+----------+-------------------------------------------
     0 | D:1      | GordonOverkill the Barachi Earth Elementalist began the
                  | quest for the Orb.
     0 | D:1      | Reached XP level 1. HP: 13/13 MP: 3/3
   207 | D:1      | Reached XP level 2. HP: 19/19 MP: 1/5
   279 | D:1      | Learned a level 2 spell: Passwall
   929 | D:2      | Reached XP level 3. HP: 24/24 MP: 2/7
  1361 | D:2      | Identified the +7 whip "Hellblazer" {flame, Will+ Str-4
                  | Dex+3 Stlth+}
  1574 | D:2      | Reached skill level 1 in Polearms
  1831 | D:3      | Found a burning altar of Makhleb.
  1984 | D:3      | Reached XP level 4. HP: 30/30 MP: 4/8
  2001 | D:3      | Noticed Sigmund
  2021 | D:3      | Killed Sigmund
  2022 | D:3      | Reached skill level 1 in Staves
  2022 | D:3      | Reached skill level 4 in Earth Magic
  2022 | D:3      | Reached XP level 5. HP: 35/35 MP: 3/10
  2101 | D:3      | Reached XP level 6. HP: 41/41 MP: 8/11
  2215 | D:3      | Found a runed translucent gate.
  2216 | D:3      | Found a runed translucent gate.
  2217 | D:3      | Found a runed translucent gate.
  2404 | D:3      | Learned a level 3 spell: Stone Arrow
  2409 | D:3      | Learned a level 4 spell: Petrify
  2572 | D:3      | Noticed Soborki's ghost (amateur MiBe)
  3028 | D:4      | Reached skill level 1 in Conjurations
  3159 | D:4      | Reached XP level 7. HP: 46/46 MP: 9/13
  3352 | D:4      | Noticed Duvessa
  3354 | D:4      | Noticed Dowan
  4086 | D:5      | Entered Level 5 of the Dungeon
  4209 | D:5      | Reached skill level 5 in Earth Magic
  4506 | D:5      | Found Echiab's Antique Armour Boutique.
  4753 | D:5      | Found a basalt altar of Yredelemnul.
  4809 | D:5      | Reached skill level 1 in Fighting
  4809 | D:5      | Reached XP level 8. HP: 41/54 MP: 8/14
  4990 | D:5      | Noticed Grinder
  5000 | D:5      | Killed Grinder
  5001 | D:5      | Reached skill level 5 in Spellcasting
  5094 | D:5      | Reached skill level 6 in Earth Magic
  5170 | D:5      | Found a sacrificial altar of Ru.
  5823 | D:5      | Bought a pair of gloves for 112 gold pieces
  5854 | D:6      | Found Bampikor's Book Boutique.
  5917 | D:6      | Reached skill level 7 in Earth Magic
  6278 | D:6      | Reached XP level 9. HP: 52/63 MP: 4/17
  6443 | D:6      | Found a staircase to the Ecumenical Temple.
  6445 | D:6      | Found Wilit's Antique Weapon Shop.
  6519 | Temple   | Entered the Ecumenical Temple
  6529 | Temple   | Became a worshipper of Sif Muna the Loreminder
  6595 | D:6      | Found Piqof's Jewellery Emporium.
  6714 | D:6      | Found Kiddoch's Book Shoppe.
  6740 | D:6      | Found Keruss's Antique Weapon Emporium.
  6863 | D:6      | Reached skill level 1 in Invocations
  7001 | D:6      | Found a shimmering altar of Xom.
  7001 | D:6      | Noticed a troll
  7005 | D:6      | Killed a troll
  7006 | D:6      | Reached skill level 8 in Earth Magic
  7444 | D:7      | Found a stormy altar of Qazlal.
  7715 | D:7      | Found an iron altar of Okawaru.
  7725 | D:7      | Reached skill level 9 in Earth Magic
  8459 | D:7      | Reached XP level 10. HP: 70/70 MP: 19/19
  8459 | D:7      | Reached * piety under Sif Muna
  8852 | D:8      | Identified the +0 hat of the Heavens {Harm rF++ Will+
                  | Int+3}
  8868 | D:8      | Reached skill level 5 in Invocations
  8987 | D:8      | Reached skill level 10 in Earth Magic
  9070 | D:8      | Noticed a cyclops
 10000 | D:8      | Reached skill level 5 in Fighting
 10008 | D:8      | Noticed a two-headed ogre
 10044 | D:8      | Killed a two-headed ogre
 10104 | D:8      | Killed a cyclops
 10105 | D:8      | Reached skill level 11 in Earth Magic
 10380 | D:8      | Reached XP level 11. HP: 79/79 MP: 13/22
 10547 | D:8      | Found a large runed translucent door.
 10548 | D:8      | Found a large runed translucent door.
 10549 | D:8      | Noticed Kiciri's ghost (novice DjFE)
 10844 | D:8      | Found an opulent altar of Gozag.
 10844 | D:8      | Found a radiant altar of Vehumet.
 11151 | D:8      | Reached ** piety under Sif Muna
 11285 | D:8      | Learned a level 1 spell: Apportation
 11399 | D:9      | Reached skill level 12 in Earth Magic
 11537 | D:9      | Noticed Maurice
 12046 | D:10     | Entered Level 10 of the Dungeon
 12546 | D:9      | Killed Maurice
 12644 | D:9      | Found a staircase to the Lair.
 12959 | D:9      | Noticed a two-headed ogre
 12971 | D:9      | Killed a two-headed ogre
 13737 | D:10     | Found a hide-covered altar of Uskayaw.
 14754 | D:10     | Noticed a sun demon
 14759 | D:10     | Noticed a sixfirhy
 15134 | D:10     | Found a hide-covered altar of Uskayaw.
 16522 | D:11     | Found a portal to a secret trove of treasure.
 16614 | D:11     | Reached skill level 13 in Earth Magic
 16682 | D:11     | Noticed a two-headed ogre
 16687 | D:11     | Killed a two-headed ogre
 16688 | D:11     | Reached XP level 12. HP: 91/91 MP: 24/25
 16741 | D:11     | Noticed a two-headed ogre
 16743 | D:11     | Killed a two-headed ogre
 16859 | D:11     | Reached skill level 10 in Spellcasting
 17097 | D:11     | Found a staircase to the Orcish Mines.
 17108 | D:11     | Reached *** piety under Sif Muna
 17540 | D:12     | Noticed Josephine
 17619 | D:12     | Found a gate leading to a gauntlet.
 17632 | D:12     | Learned a level 5 spell: Lee's Rapid Deconstruction
 17637 | Gauntlet | Entered a Gauntlet
 17637 | Gauntlet | Found the amulet of the Air {Inacc Air Fly rElec RMsl}
 17637 | Gauntlet | Found a transporter.
 17637 | Gauntlet | Found a transporter.
 17637 | Gauntlet | Found a transporter.
 17637 | Gauntlet | Found a transporter.
 17638 | Gauntlet | Found a transporter.
 17641 | Gauntlet | Found a transporter.
 17647 | Gauntlet | Found a transporter.
 17647 | Gauntlet | Noticed a catoblepas
 17650 | Gauntlet | Found a transporter.
 17651 | Gauntlet | Found a transporter.
 17653 | Gauntlet | Found a transporter.
 17661 | Gauntlet | Found a transporter.
 17665 | Gauntlet | Found a transporter.
 17826 | D:12     | Noticed a two-headed ogre
 17834 | D:12     | Killed a two-headed ogre
 17835 | D:12     | Reached skill level 14 in Earth Magic
 18185 | D:12     | Killed Josephine
 18491 | D:12     | Noticed a two-headed ogre
 18498 | D:12     | Killed a two-headed ogre
 18518 | D:12     | Noticed a boulder beetle
 18526 | D:12     | Noticed a two-headed ogre
 18542 | D:11     | Killed a two-headed ogre
 18543 | D:11     | Reached skill level 15 in Earth Magic
 19535 | D:13     | Noticed a two-headed ogre
 19538 | D:13     | Killed a two-headed ogre
 19599 | D:13     | Noticed a centaur warrior
 19601 | D:13     | Killed a centaur warrior
 19601 | D:13     | Noticed a boulder beetle
 19601 | D:13     | Noticed a centaur warrior
 19605 | D:13     | Noticed a vault guard
 19605 | D:13     | Noticed a vault guard
 19607 | D:13     | HP: 4/92 [manticore/volley of spikes (7)]
 19926 | Lair:1   | Entered Level 1 of the Lair of Beasts
 20131 | Lair:1   | Gained mutation: You can hop long distances. [Barachi
                  | growth]
 20131 | Lair:1   | Reached XP level 13. HP: 99/99 MP: 24/27
 20839 | Lair:1   | Reached **** piety under Sif Muna
 22187 | Lair:1   | Found a runed translucent gate.
 22188 | Lair:1   | Noticed Conn's ghost (journeyman OpFE)
 22188 | Lair:1   | Found a runed translucent gate.
 22189 | Lair:1   | Found a runed translucent gate.
 22727 | Lair:1   | Reached skill level 16 in Earth Magic
 24815 | Lair:2   | Found a hole to the Spider Nest.
 25479 | Lair:3   | Reached skill level 10 in Fighting
 25749 | Lair:3   | Reached XP level 14. HP: 110/110 MP: 23/30
 26549 | Lair:3   | Found a staircase to the Swamp.
 27897 | Lair:5   | Entered Level 5 of the Lair of Beasts
 28542 | Lair:4   | Reached skill level 17 in Earth Magic
 28852 | Lair:4   | Reached ***** piety under Sif Muna
 30068 | Lair:4   | Found a runed translucent door.
 30076 | Lair:4   | Found a staircase to the Slime Pits.
 30162 | Lair:4   | Received a gift from Sif Muna
 31883 | Lair:5   | Reached skill level 10 in Invocations
 32668 | Lair:5   | Reached XP level 15. HP: 115/115 MP: 32/32
 33395 | Lair:5   | Identified the +6 trident of the Illusory Loafs {distort,
                  | *Noise rC+ Str+3 Dex+2}
 33616 | Orc:1    | Entered Level 1 of the Orcish Mines
 34111 | Orc:1    | Noticed an orc warlord
 34559 | D:12     | Received a gift from Sif Muna
 34756 | D:12     | Got Sif Muna's Elucidation of Morbid Impurities {god gift}
 34763 | D:12     | Learned a level 5 spell: Borgnjor's Vile Clutch
 35769 | D:13     | Found a white marble altar of Elyvilon.
 36528 | D:13     | Found a gate to the Vaults.
 36742 | D:13     | Found a runed translucent door.
 37057 | D:13     | Identified the +0 hat "Gyghero" {Will+ Regen+}
 37250 | D:13     | Identified the +5 whip of Dismay {heavy, rF+}
 37261 | D:13     | Found a runed translucent gate.
 37261 | D:13     | Found a runed translucent gate.
 37261 | D:13     | Found a runed translucent gate.
 37261 | D:13     | Found a runed translucent gate.
 37261 | D:13     | Found a runed translucent gate.
 37262 | D:13     | Found a runed translucent gate.
 37783 | D:14     | Reached skill level 18 in Earth Magic
 37907 | D:14     | Noticed Azrael
 38025 | D:14     | Found Camak's Assorted Antiques.
 39567 | D:6      | Bought a book of the Moon for 600 gold pieces
 39576 | D:6      | Learned a level 8 spell: Lehudib's Crystal Spear
 39781 | D:15     | Entered Level 15 of the Dungeon
 39923 | D:15     | Reached XP level 16. HP: 122/126 MP: 34/34
 40674 | D:15     | Found a staircase to the Depths.
 40942 | D:15     | Reached skill level 5 in Conjurations
 40955 | D:14     | HP: 6/127 [poisoned by a green ugly thing]
 41102 | D:15     | Received a gift from Sif Muna
 41444 | D:15     | Got Teffeosy's Quarto of Forceful Erosion {god gift}
 42007 | Spider:1 | Entered Level 1 of the Spider Nest
 42131 | D:6      | Bought a ring of poison resistance for 220 gold pieces
 42133 | D:6      | Upgraded the game from 0.31-a0-348-g810772c3d7 to
                  | 0.31-a0-354-g827e0957a7
 42962 | Swamp:1  | Entered Level 1 of the Swamp
 43987 | Orc:2    | Entered Level 2 of the Orcish Mines
 43988 | Orc:2    | Noticed Urug
 43993 | Orc:2    | Noticed Erolcha
 44155 | Orc:2    | Noticed Nessos
 44155 | Orc:2    | Found a staircase to the Elven Halls.
 44157 | Orc:2    | Killed Nessos
 44818 | Orc:2    | Killed Urug
 45032 | Orc:1    | Found Wifouf's Jewellery Shop.
 45363 | Orc:2    | Killed Erolcha
 45458 | Orc:2    | Paralysed by something for 4 turns
 45601 | Orc:2    | Reached skill level 15 in Spellcasting
 45981 | Orc:2    | Found Bafymnu's Magic Scroll Shoppe.
 46293 | Orc:2    | Found Taqiruf's Vocational Training.
 46492 | Orc:2    | Found Jamn's Antique Armour Emporium.
 46651 | Orc:2    | Found an ancient bone altar of Kikubaaqudgha.
 46675 | Orc:2    | Found Ygguffup's Jewellery Emporium.
 47048 | Orc:2    | Found Petto's Magic Scroll Emporium.
 47097 | Orc:2    | Found a radiant altar of Vehumet.
 47252 | Orc:1    | Bought the ring "Lubanuqiu" {rElec Int+6 SInv} for 921 gold
                  | pieces
 47585 | Spider:1 | Reached skill level 19 in Earth Magic
 49226 | Spider:1 | Received a gift from Sif Muna
 49234 | Spider:1 | Reached skill level 10 in Conjurations
 49394 | Spider:1 | Got Sif Muna's Secrets of Scree {god gift}
 49409 | Spider:1 | Reached XP level 17. HP: 127/133 MP: 18/36
 51599 | Spider:2 | Found a runed translucent door.
 51657 | Spider:2 | Noticed Itariqas's ghost (journeyman DsGl)
 52168 | Spider:2 | Noticed Donald
 52173 | Spider:2 | Killed Donald
 54217 | Spider:3 | Noticed blacky4's ghost (adept DjCj)
 54230 | Spider:3 | Found a transporter.
 54984 | Spider:3 | Noticed Arachne
 56364 | Spider:3 | Noticed Louise
 56492 | Spider:3 | Killed Louise
 57389 | Spider:3 | Found a transporter.
 57539 | Spider:3 | Noticed MacCMillion's ghost (adept MfSh)
 58074 | Spider:3 | Received a gift from Sif Muna
 58077 | Spider:3 | Got Sif Muna's Incunable of Floating Relocation {god gift}
 58489 | Spider:4 | Entered Level 4 of the Spider Nest
 59196 | Spider:3 | Reached skill level 15 in Conjurations
 59746 | Spider:3 | Reached skill level 1 in Evocations
 60832 | Spider:4 | Noticed Mlioglotl
 61019 | Spider:4 | Reached XP level 18. HP: 140/140 MP: 11/37
 61136 | Spider:3 | Slain by Mlioglotl

Illustrated notes

Levels and vault maps discovered:
D:1:      wander_arrival_estate, layout_basic
D:2:      layout_basic, chequers_big_river, kennysheep_generic_room_15
D:3:      layout_basic, lightli_temple_of_fire, gammafunk_ghost_icy,
          dreamdust_wishing_well, uniq_sigmund
D:4:      layout_basic, uniq_duvessa
D:5:      layout_loops_cross, lemuel_tele_altar,
          lemuel_zombie_altar_yredelemnul, serial_shops, shop,
          gup_sewer_entry_spiral, nicolae_grassy_gnolls, uniq_grinder
D:6:      layout_loops_ring, temple_fountains, serial_shops,
          nicolae_shop_peninsula, shop, shop, shop, shop, kennysheep_diamond,
          grunt_decor_junction, dk_vineyard_1
D:7:      layout_loops_corners, nicolae_qazlal_beasts_of_the_sky,
          okawaru_humans, st_stairs_2
D:8:      nzn_winding_woodlands_small [nzn_winding_woodlands_5x15_cabin,
          nzn_winding_woodlands_center_pierced_h,
          nzn_winding_woodlands_5x15_parted], layout_gridville,
          amethyst_overflow_temple_binary, ebering_ghost_disaster_area
D:9:      layout_roguey, erik_lair_orcish_takeover, patterned_corridor,
          uniq_maurice
D:10:     layout_long_grid, mainiacjoe_overflow_six_doors_small
D:11:     layout_roguey, kennysheep_orc_monster_closet_entryway,
          nicolae_trove_entry_crossroad
D:12:     layout_gridville, gauntlet_entry_generic,
          chequers_serial_rivers_micro_d, uniq_josephine
D:13:     gammafunk_indiana_jones, layout_rooms,
          lightli_vaults_fourway_checkpoint, elyvilon_altar_5
D:14:     layout_loops_ring, serial_shops, shop_statue, serial_park_gazebo
          [serial_park_minivault_5x5_7], uniq_azrael
D:15:     gammafunk_depths_entry_grave, layout_rooms,
          chequers_serial_rivers_room_b, minmay_librarian
Temple:   nicolae_temple_great_sept
Lair:1:   minmay_lair_oklob_tunnel, layout_misc_corridors,
          gammafunk_ghost_split, serial_forest, infiniplex_forest_lined_3,
          infiniplex_forest_lined_ring, infiniplex_forest_join,
          infiniplex_forest_clump_cross, infiniplex_forest_end_2,
          infiniplex_forest_end_2, grunt_megastairs_4
Lair:2:   layout_regular_city, hellmonk_spider_entry_not_the_bees,
          serial_bayou_shore_b, grunt_megastairs_1
Lair:3:   layout_cave_pods, skrybe_swamp_entry_bodies, grunt_megastairs_2
Lair:4:   layout_cave_pods, slime_entry_2, lemuel_fruit_fields
Lair:5:   gammafunk_lair_ancient_temple, layout_big_grid
Swamp:1:  nicolae_swamp_ascending_descending_big, layout_basic_swamp,
          evilmike_swamp_ruin_house_6
Spider:1: layout_spider_delve, nicolae_spider_nook
Spider:2: layout_spider_delve, ebering_ghost_reflecting_pool, uniq_donald
Spider:3: layout_spider_delve, nzn_ghost_randoct, uniq_louise
Spider:4: floodkiller_spider_rune_tomb, uniq_aizul, uniq_mlioglotl, uniq_arachne
Orc:1:    layout_caves, basic_altar, serial_shops, nicolae_square_shop
Orc:2:    kennysheep_orc_mage_school, layout_caves, nicolae_shop_vocational,
          uniq_erolcha, uniq_urug, uniq_nessos

Skill      XL: |  1  2  3  4  5  6  7  8  9 10 11 12 13 14 15 16 17 |
---------------+----------------------------------------------------+-----
Transmutations | 2 3 4 |  4.0
Polearms       | 1 |  1.0
Staves         | 1 2 3 |  3.8
Spellcasting   | 3 4 5 6 7 9 10 12 13 14 15 | 15.1
Earth Magic    | 4 5 7 9 11 13 15 16 17 18 19 | 19.1
Conjurations   | 1 4 10 15 | 15.2
Fighting       | 1 3 5 7 8 10 11 12 | 12.3
Invocations    | 4 5 10 11 | 11.0
Evocations     | 2 |  2.2
Dodging        | |  2.1
Stealth        | |  1.7

Action                     |  1- 3 |  4- 6 |  7- 9 | 10-12 | 13-15 | 16-18 || total
---------------------------+-------+-------+-------+-------+-------+-------++-------
  Melee: Staff             |       |       |    14 |   110 |    38 |    64 ||   226
         Punch             |       |       |     1 |     2 |     1 |     2 ||     6
   Cast: Sandblast         |    54 |    38 |   103 |    23 |    61 |    34 ||   313
         Passwall          |       |       |     5 |     2 |     2 |     5 ||    14
         Petrify           |       |       |     6 |    26 |    13 |   151 ||   196
         Stone Arrow       |       |       |    67 |   302 |   422 |   133 ||   924
         Lee's Rapid Decon |       |       |       |    30 |   245 |   327 ||   602
         Borgnjor's Vile C |       |       |       |       |    35 |    98 ||   133
         Lehudib's Crystal |       |       |       |       |       |    25 ||    25
Ability: Hop               |       |       |     3 |    14 |    18 |    45 ||    80
  Evoke: Wand              |       |       |       |     7 |     2 |    20 ||    29
         Condenser vane    |       |       |       |       |     1 |     1 ||     2
    Use: Scroll            |       |       |    11 |    13 |     8 |     5 ||    37
         Potion            |       |       |     2 |     9 |       |     8 ||    19
   Stab: Petrifying        |       |       |     2 |     2 |     2 |     1 ||     7
         Petrified         |       |       |       |    12 |     8 |     4 ||    24
         Sleeping          |       |       |       |       |       |     2 ||     2
 Armour: Robe              |     1 |       |    17 |    51 |   176 |   171 ||   416
  Dodge: Dodged            |     6 |     5 |    54 |    94 |   211 |   220 ||   590
  Block: Other             |       |       |       |    25 |    84 |    89 ||   198
         Reflection        |       |       |       |     4 |     4 |     2 ||    10

Table legend: (Time is in decaauts)
 A = Elapsed time spent in this place.
 B = Non-inter-level travel time spent in this place.
 C = Inter-level travel time spent in this place.
 D = Time resting spent in this place.
 E = Time spent auto-exploring this place.
 F = Levels seen in this place.
 G = Mean time per level.
                   A        B        C        D        E       F      G
               +--------+--------+--------+--------+--------+-----+--------+
         Total |  65715 |  61683 |   4032 |  35655 |  13540 |  29 | 2266.0 |
       Dungeon |  31628 |  28966 |   2662 |  14105 |   7856 |  15 | 2108.5 |
        Temple |     24 |     14 |     10 |      0 |      0 |   1 |   24.0 |
          Lair |  15684 |  14824 |    860 |   9422 |   3263 |   5 | 3136.8 |
         Swamp |      9 |      9 |      0 |      0 |      0 |   1 |    9.0 |
   Spider Nest |  13709 |  13371 |    338 |   9649 |   1415 |   4 | 3427.2 |
  Orcish Mines |   4443 |   4284 |    159 |   2478 |    855 |   2 | 2221.5 |
      Gauntlet |    216 |    216 |      0 |      0 |    148 |   1 |  216.0 |
               +--------+--------+--------+--------+--------+-----+--------+

Top non-repeatable levels by time:
Spider:3: 5159 daAuts
Spider:2: 4943 daAuts
  Lair:4: 3944 daAuts
  Lair:3: 3664 daAuts
  Lair:2: 3466 daAuts
    D:12: 3371 daAuts
  Lair:1: 3345 daAuts
    D:10: 3330 daAuts
Spider:1: 2928 daAuts
     D:9: 2808 daAuts
   Orc:2: 2757 daAuts
     D:8: 2607 daAuts
    D:11: 2578 daAuts
    D:13: 2464 daAuts
    D:14: 2451 daAuts
